 Dungeon Crawl Stone Soup version 0.29-a0-1006-g0dd7720b37 (webtiles) character file.

Game seed: 4145491055703091408

6129 RepoMan the Scholar of Death (level 11, -17/90 HPs)
             Began as a Human Necromancer on Aug 6, 2022.
             Was a Follower of Kikubaaqudgha.
             Demolished by a komodo dragon (19 damage)
             ... on level 1 of the Lair of Beasts.
             The game lasted 01:53:56 (12258 turns).

RepoMan the Scholar of Death (Human Necromancer)   Turns: 12258, Time: 01:53:57

Health: -17/90     AC: 10    Str: 10 (12) XL:     11   Next: 12%
Magic:  1/15       EV: 12    Int: 14 (16) God:    Kikubaaqudgha [*.....]
Gold:   297        SH:  0    Dex: 11 (14) Spells: 3/15 levels left

rFire   . . .      SeeInvis .   w - +5 flail
rCold   + + .      Faith    .   (no shield)
rNeg    . . .      Spirit   .   d - +0 leather armour
rPois   +          Reflect  .   K - +0 helmet
rElec   +          Harm     .   B - scarf {repulsion}
rCorr   +          Rampage  .   m - +1 pair of gloves
Will    .....                   u - +2 pair of boots
Stlth   ++........              (no amulet)
HPRegen 0.25/turn               o - ring of ice
MPRegen 0.14/turn               (no ring)

@: resistant, attractive, animating dead, hasted, invisible, repel missiles,
very quick
A: no striking features
a: Renounce Religion, Unearth Wretches


You were on level 1 of the Lair of Beasts.
You worshipped Kikubaaqudgha.
Kikubaaqudgha was aware of your devotion.
You visited 2 branches of the dungeon, and saw 11 of its levels.
You also visited: Ossuary and Bailey.

You collected 297 gold pieces.

Inventory:

Hand Weapons
 a - a +2 antimagic dagger
 b - a +2 shortbow of freezing
 e - a +5 quick blade
 f - a +1 whip of freezing
 h - a +2 falchion of holy wrath
 p - a +2 dagger of protection
 r - a +0 rapier
 s - a +0 spear
 w - a +5 flail (weapon)
Missiles
 q - 3 poisoned darts
 G - 3 boomerangs
Armour
 d - a +0 leather armour (worn)
 l - a +0 robe
 m - a +1 pair of gloves (worn)
 u - a +2 pair of boots (worn)
 B - a scarf of repulsion (worn)
 C - a +1 cloak of stealth
 K - a +0 helmet (worn)
 N - the +1 leather armour "Vuravvoa" {rF- Will+ Dex+4}
   (You found it on level 2 of the Dungeon)

   Dex:       It affects your dexterity (+4).
   rF:        It makes you vulnerable to fire.
   Will:      It increases your willpower.
Magical Staves
 c - a staff of conjuration
 y - a staff of earth
Jewellery
 o - a ring of ice (left hand)
Wands
 E - a wand of polymorph (8)
 I - a wand of flame (9)
Scrolls
 j - a scroll of magic mapping
 t - a scroll of enchant weapon
 H - a scroll of vulnerability
 J - a scroll of amnesia
Potions
 x - a potion of degeneration
 A - a potion of cancellation
Miscellaneous
 O - a piece from Xom's chessboard (15/15)


   Skills:
 + Level 9.6 Fighting
 * Level 1.6 Short Blades
 - Level 1.0 Maces & Flails
 - Level 4.4 Armour
 - Level 3.3 Dodging
 - Level 2.0 Stealth
 + Level 2.8 Spellcasting
 + Level 1.5 Hexes
 * Level 11.7 Necromancy


You had 3 spell levels left.
You knew the following spells:

 Your Spells              Type           Power      Damage    Failure   Level
a - Animate Dead          Necr           35%        N/A       2%          4
n - Necrotise             Necr           100%       1d9       1%          1
v - Vampiric Draining     Necr           35%        2d8       1%          3
A - Anguish               Hex/Necr       10%        N/A       19%         4

Your spell library contained the following spells:

 Spells                   Type           Power      Damage    Failure   Level
 Agony                    Necr           35%        N/A       6%          5
 Animate Armour           Summ/Erth      4%         N/A       96%         4
 Summon Lightning Spire   Summ/Air       2%         N/A       96%         4
 Summon Mana Viper        Hex/Summ       4%         N/A       99%         5
 Blade Hands              Tmut           1%         N/A       100%        5
 Summon Forest            Summ/Tloc      1%         N/A       100%        5
 Iron Shot                Conj/Erth      1%         9d1       100%        6
 Summon Cactus Giant      Summ           1%         N/A       100%        6
 Storm Form               Tmut/Air       1%         N/A       100%        7
 Maxwell's Capacitive Co  Air            1%         ∞         100%        8


Dungeon Overview and Level Annotations

Branches:
Dungeon (10/15)            Temple (0/1) D:7            Lair (1/5) D:10
Ossuary (visited)          Bailey (visited)
    Orc: D:9-12

Altars:
Elyvilon
Fedhas
Hepliaklqana
Kikubaaqudgha
Nemelex Xobeh
Ru
Sif Muna
Vehumet
Yredelemnul
Zin
The Shining One

Annotations:
D:2 1 runed translucent door, Crazy Yiuf
D:3 exclusion: downstairs
D:4 exclusions: adder, 2 doors, necrophage and 2 upstairs
D:5 exclusions: downstairs and water moccasin
D:6 exclusion: downstairs
D:7 exclusion: downstairs
D:8 Gastronok
D:9 exclusions: howler monkey and two-headed ogre
D:10 3 runed translucent doors, exclusion: two-headed ogre


Message History

The blink frog resists with almost no effort.
The yak is haunted by guilt!
The blink frog easily resists.
The komodo dragon is haunted by guilt!
The blink frog hits you but does no damage.
The blink frog hits you. The blink frog closely misses you.
Unknown command.
Unknown command.
The blink frog gives a loud, deep croak!
You sock the blink frog!
The blink frog is moderately wounded.
The blink frog hits you!
The blink frog blinks!
The blink frog closely misses you. The yak barely misses you.
The blink frog is attracted toward you.
Unknown command.
Okay, then.
As you read the scroll of enchant armour, it crumbles to dust.
Your +1 pair of boots glows green for a moment.
The blink frog hits you!
* * * LOW HITPOINT WARNING * * *
The blink frog blinks!
The blink frog barely misses you. The komodo dragon closely misses you.
The blink frog is attracted toward you.
Unknown command.
You miss the blink frog. The blink frog hits you.
* * * LOW HITPOINT WARNING * * *
The blink frog closely misses you. The blink frog misses you.
The blink frog closely misses you.
The blink frog gives a loud, deep croak!
You hit the blink frog.
The blink frog is lightly wounded.
The komodo dragon bites you!
* * * LOW HITPOINT WARNING * * *
The komodo dragon is wracked by anguish!
The blink frog hits you but does no damage.
The blink frog barely misses you. The blink frog completely misses you.
You hit the blink frog.
The blink frog is moderately wounded.
The blink frog croaks.
The blink frog blinks!
The komodo dragon bites you!!
You die...
Kikubaaqudgha rasps: "You have failed me!
Welcome... death!"

#F##§#.#.#...........
#.#....§§.#.....##+##
#.#.......#.....#
#...§.....#.....#
#.+....§§F+.....#
#.#.....F.F.....#
#........Y#<....#
#.##..#Y###........
#.....YFY@F§§......
#.......Fl§........
#...................
##..................
#.....F............
#..................
#.#########.....# #.
.....# .....


You could see a komodo dragon (unable to see you, anguished), 3 yaks and 4 blink
frogs.

Vanquished Creatures
  Pikel (D:7)
  A hornet (D:9)
  A blink frog (Lair:1)
  A wyvern (D:8)
  5 yaks
  Duvessa (D:6)
  An orc warrior (D:6)
  A black bear (D:5)
  An ogre (D:6)
  2 lemures (D:7)
  4 centaurs
  2 phantoms
  3 bullfrogs
  A wyvern zombie (D:6)
  A scorpion (D:5)
  8 necrophages
  A water moccasin zombie (D:5)
  A wight (D:6)
  Dowan (D:6)
  5 killer bees (D:7)
  An electric eel (D:9)
  2 howler monkeys
  2 bullfrog zombies
  2 hounds
  A centaur zombie (D:6)
  A human zombie (D:6)
  2 orc priests
  4 jellies
  2 iguanas (D:4)
  Natasha (D:2)
  3 orc wizards
  A scorpion zombie (D:5)
  3 mummies
  A howler monkey zombie (D:5)
  5 adders
  3 gnolls (D:5)
  2 shadow imps
  2 white imps
  An ufetubus (D:4)
  An adder zombie (D:5)
  3 dart slugs
  16 orcs
  6 endoplasms
  4 giant cockroaches (D:1)
  9 goblins
  10 hobgoblins
  5 jackals (D:4)
  3 quokkas
  5 ball pythons
  4 bats
  3 frilled lizards
  2 kobolds
  A rat (D:2)
153 creatures vanquished.

Vanquished Creatures (collateral kills)
  A kobold demonologist (D:10)
  A blink frog (Lair:1)
  A shadow (D:8)
  2 yaks (D:9)
  A kobold brigand (D:10)
  A scorpion (D:6)
  4 wights (D:9)
  2 orcs
  2 endoplasms
  A quokka (D:3)
  A ball python (D:2)
  A goblin (D:1)
  A rat (D:1)
19 creatures vanquished.

Vanquished Creatures (others)
  A komodo dragon (Lair:1)
  A komodo dragon zombie (Lair:1)
  A wyvern zombie (D:8)
  3 yak zombies (D:9)
  2 killer bee zombies (D:7)
  A howler monkey zombie (D:9)
  An orc zombie (D:8)
  A fungus (Lair:1)
  106 plants
117 creatures vanquished.

Grand Total: 289 creatures vanquished

Notes
Turn   | Place    | Note
-------+----------+-------------------------------------------
     0 | D:1      | RepoMan the Human Necromancer began the quest for the Orb.
     0 | D:1      | Reached XP level 1. HP: 13/13 MP: 3/3
   423 | D:1      | Reached XP level 2. HP: 20/20 MP: 5/5
   666 | D:1      | Reached skill level 1 in Fighting
   893 | D:1      | Reached XP level 3. HP: 26/26 MP: 6/6
  1139 | D:2      | Found a faded altar of an unknown god.
  1513 | D:2      | Noticed Natasha
  1531 | D:2      | Killed Natasha
  1532 | D:2      | Reached skill level 5 in Necromancy
  1532 | D:2      | Reached XP level 4. HP: 25/33 MP: 5/7
  1550 | D:2      | Found a runed translucent door.
  1551 | D:2      | Noticed Crazy Yiuf
  1587 | D:2      | Identified the +1 leather armour "Vuravvoa" {rF- Will+
                  | Dex+4}
  1906 | D:3      | Learned a level 3 spell: Vampiric Draining
  2046 | D:3      | Reached XP level 5. HP: 38/38 MP: 4/8
  2565 | D:3      | Found a glowing silver altar of Zin.
  2565 | D:3      | Found a white marble altar of Elyvilon.
  2565 | D:3      | Found a glowing golden altar of the Shining One.
  2776 | D:4      | Reached skill level 6 in Necromancy
  2829 | D:4      | Reached XP level 6. HP: 46/46 MP: 4/9
  3169 | D:4      | Found a blossoming altar of Fedhas.
  3494 | D:4      | Found a sacrificial altar of Ru.
  3515 | D:4      | Found a sparkling altar of Nemelex Xobeh.
  3529 | D:4      | Found a hazy altar of Hepliaklqana.
  3823 | D:5      | Entered Level 5 of the Dungeon
  3855 | D:5      | Reached XP level 7. HP: 32/53 MP: 0/10
  3949 | D:5      | Reached skill level 7 in Necromancy
  3973 | D:5      | Found a sand-covered staircase.
  4052 | Ossuary  | Entered an ossuary
  4223 | D:5      | Noticed a water moccasin
  4772 | D:5      | Found a basalt altar of Yredelemnul.
  5007 | D:5      | Reached XP level 8. HP: 58/61 MP: 4/11
  5139 | D:5      | Reached skill level 1 in Armour
  5369 | D:5      | Reached skill level 5 in Fighting
  5835 | D:6      | Reached skill level 8 in Necromancy
  6291 | D:6      | Found a shimmering blue altar of Sif Muna.
  6475 | D:6      | Found a radiant altar of Vehumet.
  6558 | D:6      | Noticed Dowan
  6583 | D:6      | Noticed Duvessa
  6589 | D:6      | Killed Duvessa
  6590 | D:6      | Reached XP level 9. HP: 69/69 MP: 12/12
  6637 | D:6      | Killed Dowan
  7176 | D:6      | Reached skill level 9 in Necromancy
  7280 | D:6      | Found an ancient bone altar of Kikubaaqudgha.
  7565 | D:6      | Learned a level 4 spell: Animate Dead
  7565 | D:6      | Became a worshipper of Kikubaaqudgha
  7599 | D:7      | Noticed Pikel
  7648 | D:7      | Found a flagged portal.
  7692 | Bailey   | Entered a bailey
  7880 | D:7      | Found a staircase to the Ecumenical Temple.
  8826 | D:7      | Killed Pikel
  8827 | D:7      | Reached skill level 10 in Necromancy
  8827 | D:7      | Reached XP level 10. HP: 60/80 MP: 1/13
  9576 | D:8      | Noticed a two-headed ogre
 10187 | D:8      | Noticed Gastronok
 10597 | D:9      | Reached skill level 11 in Necromancy
 11046 | D:9      | Noticed a two-headed ogre
 11338 | D:9      | Reached * piety under Kikubaaqudgha
 11338 | D:9      | Received a gift from Kikubaaqudgha
 11350 | D:9      | Learned a level 4 spell: Anguish
 11910 | D:10     | Entered Level 10 of the Dungeon
 11920 | D:10     | Found a runed translucent door.
 11937 | D:10     | Found a runed translucent door.
 11950 | D:10     | Found a runed translucent door.
 11993 | D:10     | Noticed a two-headed ogre
 12020 | D:10     | Found a staircase to the Lair.
 12038 | D:10     | Noticed a kobold demonologist
 12038 | D:10     | Noticed a kobold demonologist
 12060 | D:10     | Killed a kobold demonologist
 12061 | D:10     | Reached skill level 1 in Maces & Flails
 12061 | D:10     | Reached skill level 1 in Hexes
 12061 | D:10     | Reached XP level 11. HP: 83/89 MP: 14/14
 12090 | D:10     | Identified a scroll of acquirement
 12090 | D:10     | Acquired a +5 quick blade
 12093 | Lair:1   | Entered Level 1 of the Lair of Beasts
 12220 | Lair:1   | Reached skill level 1 in Short Blades
 12257 | Lair:1   | HP: 2/90 [komodo dragon (14)]
 12258 | Lair:1   | Demolished by a komodo dragon

Illustrated notes

Levels and vault maps discovered:
D:1:      roderic_crop_circles_arrival_small, layout_loops_corners,
          nicolae_concentric_dashed_squares_wild
D:2:      layout_loops_ring, hellmonk_ecumenical_altar_crossroads,
          kennysheep_cross_room, uniq_crazy_yiuf_cottage, uniq_natasha
D:3:      layout_basic, dreamdust_divine_triumvirate
D:4:      layout_basic, nicolae_hepliaklqana_hazy_memory,
          mainiacjoe_overflow_alcove_1, nicolae_overflow_hidden_temple,
          minmay_box_of_dots
D:5:      layout_loops_ring, nicolae_yredelemnul_corpse_copse,
          gup_ossuary_entry_pyramid
D:6:      layout_loops_ring, lemuel_mausoleum_altar_kikubaaqudgha,
          lemuel_coloured_pillars_altar, mainiacjoe_overflow_boulevard,
          uniq_duvessa
D:7:      layout_loops_ring, minmay_temple_entry_glass, enter_bailey_3,
          nicolae_fountain_basement, uniq_pikel
D:8:      layout_basic, uniq_gastronok
D:9:      layout_basic, nicolae_eternal_life, minmay_crystal_water
D:10:     layout_irregular_city, lair_entry_dummy, david_orc_5,
          minmay_statue_crystal_thing
Lair:1:   layout_regular_city

Skill      XL: |  1  2  3  4  5  6  7  8  9 10 11 |
---------------+----------------------------------+-----
Fighting       | 1 2 3 4 5 8 9 |  9.6
Necromancy     | 5 6 7 8 10 11 | 11.7
Armour         | 3 4 |  4.4
Dodging        | 3 |  3.3
Maces & Flails | 1 |  1.0
Hexes          | 1 |  1.5
Short Blades   | 1 |  1.6
Stealth        | |  2.0
Spellcasting   | |  2.8

Action                   |  1- 3 |  4- 6 |  7- 9 | 10-12 || total
-------------------------+-------+-------+-------+-------++-------
Melee: Dagger            |    65 |    13 |    30 |       ||   108
       Punch             |     4 |       |     3 |       ||     7
       Unarmed           |     2 |       |       |       ||     2
       Spear             |    11 |    16 |       |       ||    27
       Rapier            |       |    26 |   138 |       ||   164
       Falchion          |       |       |    95 |    74 ||   169
       Flail             |       |       |       |    11 ||    11
 Fire: Sling             |    15 |    56 |   114 |       ||   185
       Shortbow          |       |       |       |    20 ||    20
 Cast: Necrotise         |    49 |    45 |    42 |     6 ||   142
       Vampiric Draining |       |     5 |    22 |    29 ||    56
       Animate Dead      |       |       |     3 |    10 ||    13
       Anguish           |       |       |       |     4 ||     4
Evoke: Wand              |       |       |    18 |     5 ||    23
  Use: Potion            |     1 |       |     6 |    10 ||    17
       Scroll            |       |     5 |    11 |     7 ||    23
 Stab: Sleeping          |     5 |     2 |       |       ||     7
       Distracted        |       |       |     1 |       ||     1
Armor: Leather armour    |    11 |    37 |   138 |    57 ||   243
Dodge: Dodged            |    20 |    48 |   160 |   128 ||   356
       Repelled          |       |       |     1 |       ||     1

Table legend: (Time is in decaauts)
 A = Elapsed time spent in this place.
 B = Non-inter-level travel time spent in this place.
 C = Inter-level travel time spent in this place.
 D = Time resting spent in this place.
 E = Time spent auto-exploring this place.
 F = Levels seen in this place.
 G = Mean time per level.
                   A        B        C        D        E       F      G
               +--------+--------+--------+--------+--------+-----+--------+
         Total |  12389 |  11901 |    488 |   2956 |   3777 |  13 |  953.0 |
       Dungeon |  12181 |  11693 |    488 |   2892 |   3777 |  10 | 1218.1 |
          Lair |    162 |    162 |      0 |     64 |      0 |   1 |  162.0 |
       Ossuary |     31 |     31 |      0 |      0 |      0 |   1 |   31.0 |
        Bailey |     15 |     15 |      0 |      0 |      0 |   1 |   15.0 |
               +--------+--------+--------+--------+--------+-----+--------+

Top non-repeatable levels by time:
     D:5: 1887 daAuts
     D:6: 1835 daAuts
     D:9: 1599 daAuts
     D:7: 1566 daAuts
     D:4: 1185 daAuts
     D:8: 1151 daAuts
     D:1: 1062 daAuts
     D:3: 936 daAuts
     D:2: 768 daAuts
    D:10: 189 daAuts
  Lair:1: 162 daAuts
 Ossuary: 31 daAuts
  Bailey: 15 daAuts
